Map: 2000 Atmosphären LE

Players

Hydropic

  • Race: Zerg Zerg
  • League: Diamond

Sillic - Winner!

  • Race: Protoss Protoss
  • League: Diamond

VOD

Have the link to the VOD?

Description

Imba Airtoss

Time

  • Played on: March 9, 2022, 9:50 a.m.
  • Length: 13:51
Show
View Real Time Build Order
Export as new Build Order

Hydropic Zerg 

Build Orders: Hatch First, Lurkers 

Get SALT Encoding   

  12  0:00  Drone  
  13  0:13  Overlord  
  13  0:17  Drone  
  14  0:31  Drone x2  
  16  0:49  Hatchery  
  15  0:52  Drone  
  15  0:55  Drone  
  17  0:59  Drone  
  18  1:09  Extractor  
  17  1:14  Spawning Pool  
  17  1:18  Drone  
  17  1:25  Drone  
  18  1:31  Drone  
  19  1:40  Overlord  
  19  1:51  Drone  
  20  2:01  Queen x2  
  20  2:02  Zergling x4  
  26  2:12  Drone x2  
  28  2:15  Metabolic Boost  
  28  2:22  Drone x2  
  30  2:37  Hatchery  
  29  2:44  Queen  
  29  2:49  Overlord  
  31  2:52  Drone  
  31  2:57  Drone x2  
  34  2:58  Drone  
  35  3:07  Drone x3  
  38  3:17  Overlord  
  38  3:19  Queen  
  39  3:20  Drone  
  41  3:28  Drone x2  
  41  3:32  Drone  
  44  3:36  Drone x2  
  46  3:51  Spore Crawler  
  46  3:52  Spore Crawler  
  46  3:53  Drone  
  45  3:56  Drone x5  
  45  3:57  Queen, Drone x2  
  54  4:03  Overlord  
  54  4:12  Spore Crawler  
  53  4:19  Overlord  
  53  4:20  Queen  
  53  4:21  Overlord  
  53  4:22  Drone x2  
  53  4:23  Drone  
  58  4:26  Overlord  
  57  4:33  Overlord  
  57  4:42  Lair  
  57  4:45  Extractor x2  
  56  4:46  Drone x3  
  56  4:47  Drone x3  
  56  4:48  Drone x2  
  56  4:50  Drone  
  56  4:51  Roach Warren  
  63  4:59  Drone  
  65  5:00  Drone x3  
  65  5:01  Evolution Chamber x2  
  65  5:08  Drone  
  65  5:11  Drone x6  
  72  5:17  Hatchery  
  72  5:18  Overlord  
  71  5:24  Drone  
  71  5:25  Baneling Nest  
  71  5:28  Queen  
  71  5:29  Queen  
  71  5:30  Overlord  
  71  5:34  Extractor  
  71  5:35  Roach x3  
  79  5:46  Extractor, Roach x5  
  79  5:47  Overlord  
  79  5:49  Zerg Missile Weapons Level 1  
  88  5:53  Drone  
  89  6:02  Zerg Ground Armor Level 1  
  89  6:04  Drone  
  89  6:05  Drone x3  
  89  6:10  Drone  
  89  6:11  Drone x2  
  96  6:12  Roach x3  
  102  6:22  Overlord  
  102  6:29  Drone  
  102  6:30  Drone x2, Extractor, Hydralisk Den  
  103  6:37  Drone x8  
  111  6:41  Pneumatized Carapace  
  111  6:46  Drone  
  112  6:49  Infestation Pit  
  111  7:01  Hydralisk  
  111  7:02  Hydralisk x3  
  111  7:03  Overlord x3  
  111  7:04  Overlord x3  
  119  7:14  Drone  
  120  7:17  Hatchery  
  120  7:18  Drone  
  120  7:23  Hydralisk x2  
  120  7:24  Hydralisk x7  
  138  7:33  Queen  
  140  7:44  Grooved Spines  
  140  7:45  Hive  
  140  7:55  Drone x2, Extractor  
  140  7:56  Drone x5, Extractor  
  140  7:57  Drone x5  
  140  7:58  Drone, Overseer  
  151  8:18  Drone x2  
  153  8:20  Hydralisk  
  153  8:21  Hydralisk x6  
  153  8:22  Overlord x2  
  153  8:23  Overlord, Lurker Den  
  166  8:48  Hydralisk x8  
  166  8:49  Hydralisk x3  
  188  8:55  Zerg Missile Weapons Level 2, Muscular Augments  
  188  9:11  Hatchery  
  188  9:15  Overlord  
  179  9:29  Seismic Spines  
  179  9:30  Lurker  
  174  9:31  Lurker x4  
  174  9:44  Lurker x2  
  174  9:45  Lurker  
  177  10:16  Hydralisk x10  
  197  10:26  Adaptive Talons  
  197  10:41  Lurker x3  
  196  10:56  Viper x2  
  197  11:18  Overlord  
  197  11:31  Overlord x2  
  197  11:37  Hatchery  
  196  11:42  Spire  
  191  11:57  Viper x2  
  197  12:04  Adrenal Glands  
  188  12:57  Hydralisk x5  
  188  12:58  Hydralisk x2  
  147  13:06  Corruptor x6  
  147  13:07  Corruptor x10  
  149  13:18  Corruptor x3  
  129  13:27  Hatchery  
Show
View Real Time Build Order
Export as new Build Order

Sillic Protoss - Winner!

Build Orders: 1 Gate Expand, Oracle Opening, Carriers 

Get SALT Encoding   

  12  0:00  Probe  
  13  0:12  Probe  
  14  0:20  Pylon  
  14  0:25  Probe  
  15  0:40  Gateway  
  15  0:44  Probe (Chrono Boost)  
  16  0:54  Assimilator, Probe (Chrono Boost)  
  17  0:58  Probe (Chrono Boost)  
  18  1:10  Probe  
  19  1:26  Nexus  
  19  1:33  Cybernetics Core  
  19  1:36  Probe  
  20  1:48  Assimilator  
  20  1:51  Pylon  
  20  1:52  Probe (Chrono Boost)  
  22  2:02  Probe (Chrono Boost)  
  22  2:07  Probe (Chrono Boost)  
  22  2:13  Adept  
  25  2:22  Probe  
  26  2:26  Stargate  
  27  2:38  Probe x2 (Chrono Boost)  
  27  2:40  Warp Gate  
  28  2:47  Probe (Chrono Boost)  
  28  2:49  Probe (Chrono Boost)  
  28  2:50  Gateway  
  30  2:52  Probe (Chrono Boost)  
  31  2:58  Probe  
  31  3:05  Probe  
  32  3:06  Void Ray  
  32  3:10  Probe  
  37  3:23  Stalker  
  37  3:26  Shield Battery  
  39  3:27  Probe (Chrono Boost)  
  39  3:29  Probe (Chrono Boost)  
  41  3:34  Pylon  
  41  3:39  Probe (Chrono Boost)  
  41  3:41  Probe (Chrono Boost)  
  43  3:46  Probe x2 (Chrono Boost)  
  45  3:56  Oracle  
  45  3:59  Probe x2  
  50  4:05  Assimilator  
  50  4:07  Assimilator  
  50  4:11  Probe x2  
  52  4:23  Probe x2  
  54  4:28  Pylon  
  54  4:31  Robotics Facility  
  54  4:40  Void Ray  
  54  4:42  Pylon  
  54  4:44  Pylon  
  54  4:50  Probe x2  
  60  4:56  Adept x2  
  61  5:06  Probe x2  
  63  5:17  Stargate  
  63  5:18  Probe x2  
  65  5:22  Void Ray (Chrono Boost)  
  65  5:23  Nexus  
  65  5:25  Pylon  
  65  5:29  Pylon  
  65  5:30  Probe x2  
  71  5:42  Probe x2  
  73  5:46  Immortal  
  73  5:49  Shield Battery  
  77  5:52  Shield Battery  
  77  5:54  Probe x2  
  77  5:55  Shield Battery  
  79  5:57  Void Ray (Chrono Boost)  
  79  5:59  Void Ray (Chrono Boost)  
  79  6:00  Twilight Council  
  79  6:02  Stalker  
  85  6:06  Probe x2  
  91  6:16  Assimilator  
  91  6:20  Assimilator  
  91  6:21  Sentry  
  93  6:29  Void Ray  
  93  6:36  Probe x2  
  93  6:38  Probe  
  100  6:42  Nexus  
  100  6:48  Probe x2  
  100  6:50  Probe  
  100  6:51  Zealot  
  105  6:54  Protoss Air Weapons Level 1 (Chrono Boost)  
  105  6:57  Pylon  
  105  6:59  Pylon  
  105  7:00  Probe x2  
  105  7:01  Pylon  
  107  7:05  Pylon  
  107  7:15  Void Ray (Chrono Boost)  
  107  7:16  Probe x3  
  107  7:20  Charge (Chrono Boost)  
  114  7:27  Stalker, Void Ray (Chrono Boost)  
  114  7:28  Probe x2, Zealot  
  114  7:29  Probe  
  121  7:30  Immortal  
  129  7:47  Templar Archives  
  129  7:53  Assimilator, Probe x3  
  129  7:58  Assimilator  
  132  8:03  Shield Battery  
  132  8:05  Pylon, Shield Battery, Probe x2  
  134  8:06  Psionic Storm, Pylon  
  134  8:08  Void Ray  
  134  8:10  Fleet Beacon  
  134  8:15  Stargate  
  138  8:30  Probe x3  
  141  8:42  Shield Battery, Probe x2  
  141  8:44  Pylon  
  141  8:45  Pylon  
  143  8:54  High Templar  
  143  8:55  High Templar, Gateway x2  
  147  8:58  Gateway  
  147  8:59  Pylon  
  147  9:00  Pylon  
  147  9:02  Carrier (Chrono Boost)  
  153  9:14  Gateway  
  153  9:16  Gateway  
  153  9:19  Gateway  
  153  9:20  Carrier (Chrono Boost)  
  159  9:31  High Templar x2  
  161  9:37  Pylon  
  163  9:44  Carrier (Chrono Boost)  
  163  9:52  Nexus, Observer  
  170  9:54  Pylon  
  170  9:57  Pylon  
  170  10:14  Gateway x2  
  170  10:17  Carrier (Chrono Boost), Gateway  
  182  10:21  Gateway  
  182  10:23  Gateway  
  182  10:27  Carrier (Chrono Boost)  
  182  10:29  Protoss Air Weapons Level 2 (Chrono Boost)  
  182  10:36  Zealot x8  
  196  11:04  High Templar  
  196  11:05  High Templar  
  184  11:23  Shield Battery  
  184  11:25  Shield Battery  
  184  11:26  Shield Battery  
  184  11:28  Shield Battery  
  184  11:31  Forge  
  184  11:34  Carrier x2 (Chrono Boost)  
  184  11:36  Assimilator  
  184  11:38  Assimilator  
  190  12:42  Carrier  
  180  13:28  Zealot x6  
  180  13:29  Zealot x4  
  200  13:48  Nexus  
  194  13:50  Pylon  
Tags
 
Add a new tag
Caveats
  • Supply blocks, unpowered buildings, or Contaminate may cause inaccurate times.
  • Supply counts are checked every 10 seconds.